 Dungeon Crawl Stone Soup version 0.18-a0-1561-g7b1e397 (webtiles) character file.

1365 MenacingMecha the Spear-Bearer (level 8, -4/60 HPs)
             Began as a Merfolk Berserker on Mar 13, 2016.
             Was a Believer of Trog.
             Shot with an arrow of frost by a centaur (5 damage)
             ... on level 5 of the Dungeon.
             The game lasted 00:09:17 (4270 turns).

MenacingMecha the Spear-Bearer (Merfolk Berserker)  Turns: 4270, Time: 00:09:17

Health: -4/60      AC:  6    Str: 18    XL:     8   Next: 65%
Magic:  8/8        EV: 12    Int:  7    God:    Trog [**....]
Gold:   186        SH:  0    Dex: 14    Spells: 0 memorised, 7 levels left

rFire  . . .     SeeInvis .     s - +0 trident
rCold  . . .     Gourm    .     g - +0 ring mail
rNeg   . . .     Faith    .     (no shield)
rPois  .         Spirit   .     (no helmet)
rElec  .         Dismiss  .     l - +0 cloak
rCorr  .         Reflect  .     (no gloves)
SustAt .         Harm     .     (no boots)
MR     .....                    (no amulet)
Stlth  +.........               (no ring)
                                (no ring)

@: exhausted, slowed, very slow, not resistant to hostile enchantments, very
unstealthy
A: change form in water, swift swim
a: Berserk, Trog's Hand, Burn Spellbooks, Renounce Religion


You were on level 5 of the Dungeon.
You worshipped Trog.
Trog was pleased with you.
You were not hungry.

You visited 1 branch of the dungeon, and saw 5 of its levels.

You collected 186 gold pieces.

Inventory:

Hand Weapons
 s - a +0 trident (weapon)
Missiles
 d - 5 javelins (quivered)
Armour
 g - a +0 ring mail (worn)
 l - a +0 cloak (worn)
Scrolls
 e - 4 scrolls of fear {unknown}
 f - a scroll of immolation {unknown}
 h - 4 scrolls of identify {unknown}
 j - a scroll of random uselessness {unknown}
 k - a scroll of magic mapping {unknown}
 m - a scroll of amnesia {unknown}
 o - a scroll of teleportation {unknown}
 r - a scroll of recharging {unknown}
Potions
 i - a potion of heal wounds {unknown}
 p - a potion of resistance
 q - a potion of haste {unknown}
 t - a potion of cancellation {unknown}
 u - a potion of brilliance {unknown}
 v - a potion of flight {unknown}
Comestibles
 a - 7 chunks of flesh
 c - 4 bread rations
 n - 2 meat rations


   Skills:
 + Level 4.1 Fighting
 + Level 13.8 Polearms
 - Level 1.3 Armour
 + Level 4.0 Dodging


You had 7 spell levels left.
You didn't know any spells.

Dungeon Overview and Level Annotations

Branches:
Dungeon (5/15)
 Temple: D:4-7

Altars:
Gozag


Message History

an uncursed shortbow; 17 arrows There isn't anything to butcher here.
You start resting.
A centaur is nearby!
The centaur wields a shortbow.
The centaur shoots an arrow of frost.
The arrow of frost hits you.
* * * LOW HITPOINT WARNING * * *
The arrow of frost freezes you.
* * * LOW HITPOINT WARNING * * *
The centaur shoots an arrow of frost.
The arrow of frost hits you.
* * * LOW HITPOINT WARNING * * *
The arrow of frost freezes you.
* * * LOW HITPOINT WARNING * * *
You see here an arrow of frost.
Drink which item? (? for menu, Esc to quit)
It was a potion of cure mutation.
It has a very clean taste.
The centaur shoots an arrow of frost.
The arrow of frost hits you!
* * * LOW HITPOINT WARNING * * *
The arrow of frost freezes you.
You die...

......#### #.######
.........# #.##...#
..$....#.########....###
.......#.......##..###
.......#######....########
....... #...........#
......# #####(.(c......)#
.....# ##).((...........#
#..## #.@#.............#
............#....รท>....#
#..).......####..#######
###.........## #..########
..........## ##..........
#### #........# #...........
...##........# ##...(.......
#..#........# #............
##...#.#....####.#..........


You could see a centaur.

Vanquished Creatures
  Pikel (D:4)
  Grinder (D:5)
  A hippogriff (D:3)
  A slave (D:4)
  Duvessa (D:4)
  An ogre (D:4)
  A centaur (D:5)
  Dowan (D:4)
  The ghost of DarthRa the Covered, a weakling DsAK of Lugonu (D:3)
  An iguana (D:5)
  4 worker ants
  2 adders
  An adder zombie (D:5)
  An adder skeleton (D:4)
  2 worms
  A dart slug (D:2)
  3 orcs (D:4)
  5 giant cockroaches
  7 goblins
  6 hobgoblins
  14 jackals
  6 kobolds
  A ball python (D:3)
  A ball python zombie (D:3)
  4 bats
  3 giant newts
  8 rats
79 creatures vanquished.

Vanquished Creatures (others)
  An orc (D:5)
1 creature vanquished.

Grand Total: 80 creatures vanquished

Notes
Turn   | Place    | Note
--------------------------------------------------------------
     0 | D:1      | MenacingMecha the Merfolk Berserker began the quest for the Orb.
     0 | D:1      | Reached XP level 1. HP: 18/18 MP: 1/1
   229 | D:1      | Reached skill level 5 in Polearms
   316 | D:1      | Reached XP level 2. HP: 24/24 MP: 2/2
   706 | D:2      | Found an opulent altar of Gozag.
   882 | D:2      | Reached ** piety under Trog
  1010 | D:2      | Reached skill level 6 in Polearms
  1010 | D:2      | Reached XP level 3. HP: 29/29 MP: 3/3
  1813 | D:3      | Noticed DarthRa's ghost (weakling DsAK)
  1827 | D:3      | Killed DarthRa's ghost
  1827 | D:3      | Reached skill level 7 in Polearms
  1827 | D:3      | Reached XP level 4. HP: 35/35 MP: 4/4
  1999 | D:3      | Noticed a hippogriff
  2012 | D:3      | Killed a hippogriff
  2012 | D:3      | Reached skill level 9 in Polearms
  2012 | D:3      | Reached XP level 5. HP: 36/41 MP: 5/5
  2012 | D:3      | Reached XP level 6. HP: 41/47 MP: 6/6
  3025 | D:4      | Reached skill level 10 in Polearms
  3249 | D:4      | Noticed Dowan
  3251 | D:4      | Noticed Duvessa
  3261 | D:4      | Killed Duvessa
  3261 | D:4      | Reached skill level 11 in Polearms
  3261 | D:4      | Reached XP level 7. HP: 52/52 MP: 7/7
  3264 | D:4      | Killed Dowan
  3710 | D:5      | Entered Level 5 of the Dungeon
  3714 | D:5      | Noticed Pikel
  3995 | D:4      | Killed Pikel
  3995 | D:4      | Reached skill level 13 in Polearms
  3995 | D:4      | Reached XP level 8. HP: 58/58 MP: 8/8
  4177 | D:5      | Reached *** piety under Trog
  4206 | D:5      | Noticed Grinder
  4239 | D:5      | Killed Grinder
  4270 | D:5      | HP: 1/60 [centaur/arrow of frost (10)]
  4270 | D:5      | Shot with an arrow of frost by a centaur

Vault maps used:
D:1:      minmay_arrival_wavy_path
D:2:      nicolae_gozag_seed_capital, first_bread
D:3:      serial_undead, serial_undead_c, serial_undead_c, serial_undead_e,
          serial_undead_b
D:4:      kennysheep_generic_room_16, uniq_duvessa
D:5:      serial_shops, nicolae_shop_stone, uniq_menkaure, uniq_edmund,
          uniq_pikel, uniq_grinder

Skill      XL: |  1  2  3  4  5  6  7  8 |
---------------+-------------------------+-----
Polearms       | 5 6 7 9 11 13 | 13.8
Dodging        | 4 |  4.0
Fighting       | 4 |  4.1
Armour         | |  1.3

Action                   |  1- 3 |  4- 6 |  7- 9 || total
-------------------------+-------+-------+-------++-------
Melee: Spear             |   160 |   103 |    47 ||   310
       Trident           |       |       |    82 ||    82
Invok: Berserk           |     3 |     4 |     3 ||    10
       Trog's Hand       |       |       |     2 ||     2
  Use: Potion            |       |       |     1 ||     1
  Eat: Chunk             |     5 |     6 |       ||    11
       Fruit             |       |     1 |       ||     1
       Meat ration       |       |     1 |     1 ||     2
